 Dungeon Crawl Stone Soup version 0.30-a0-591-g3c58d2bc28 (webtiles) character file.

Game seed: 1689018890583939711

81540 Querens the Bewitcher (level 15, 0/77 HPs)
             Began as a Spriggan Enchanter on Jan 6, 2023.
             Was the Champion of Wu Jian.
             Succumbed to a redback's poison
             ... on level 2 of the Lair of Beasts.
             The game lasted 01:22:18 (12946 turns).

Querens the Bewitcher (Spriggan Enchanter)         Turns: 12946, Time: 01:22:19

Health: 0/77       AC:  9    Str: 10    XL:     15   Next: 27%
Magic:  33/37      EV: 17    Int: 17    God:    Wu Jian [******]
Gold:   1753       SH:  9    Dex: 29    Spells: 23/48 levels left

rFire   . . .      SeeInvis +    H - +10 dagger of Classification {elec, Str+6}
rCold   . . .      Faith    .    p - +0 buckler
rNeg    . . .      Spirit   .    O - +4 troll leather armour
rPois   +          Reflect  .    (helmet restricted)
rElec   .          Harm     .    T - +0 cloak
rCorr   .          Rampage  .    (gloves unavailable)
Will    ++...                    (boots unavailable)
Stlth   +++++++                  L - amulet of regeneration
HPRegen 1.92/turn                h - +6 ring of dexterity
MPRegen 0.25/turn                J - ring of poison resistance

@: lethally poisoned (0 -> -18), studying Shields, very quick
A: very small, no large weapons, unfitting armour, see invisible, speed 3
a: Renounce Religion, Wall Jump, Serpent's Lash, Heavenly Storm


You were on level 2 of the Lair of Beasts.
You worshipped Wu Jian.
Wu Jian was exalted by your worship.
You visited 5 branches of the dungeon, and saw 20 of its levels.
You also visited: Bailey.

You collected 2066 gold pieces.
You spent 313 gold pieces at shops.

Inventory:

Hand Weapons
 o - a +1 short sword of holy wrath
 H - the +10 dagger of Classification (weapon) {elec, Str+6}
   (You found it on level 7 of the Dungeon)

   Str:       It affects your strength (+6).
 I - a +2 vampiric dagger
Missiles
 v - a throwing net
 x - 15 curare-tipped darts (quivered)
 K - 73 poisoned darts
Armour
 a - a +1 robe of cold resistance
 p - a +0 buckler (worn)
 O - a +4 troll leather armour (worn)
 Q - the +0 cloak "Cile" {Rampage rF+ Int-5}
   (You found it on level 11 of the Dungeon)

   Int:       It affects your intelligence (-5).
   rF:        It protects you from fire.
   Rampage:   It bestows one free step when moving towards enemies.
 T - a +0 cloak (worn)
Jewellery
 e - a +5 ring of evasion
 g - a ring of ice
 h - a +6 ring of dexterity (left hand)
 q - a ring of protection from cold
 y - an amulet of the acrobat
 A - the amulet of Disaster {Faith rCorr Str-3 Int+7 Slay-2}
   (You found it on level 5 of the Dungeon)

   [amulet of faith]

   It allows you to gain divine favour quickly.
   Str:       It affects your strength (-3).
   Int:       It affects your intelligence (+7).
   Slay:      It affects your accuracy & damage with ranged weapons and melee
   (-2).
   rCorr:     It protects you from acid and corrosion.
 J - a ring of poison resistance (right hand)
 L - an amulet of regeneration (around neck)
 S - an amulet of faith
Wands
 b - a wand of iceblast (8)
 j - a wand of flame (4)
 l - a wand of mindburst (5)
 E - a wand of digging (15)
 V - a wand of charming (3)
Scrolls
 f - 4 scrolls of fog
 i - 3 scrolls of amnesia
 m - 3 scrolls of immolation
 r - 5 scrolls of teleportation
 w - a scroll of brand weapon
 C - 3 scrolls of magic mapping
 D - 3 scrolls of silence
 P - 4 scrolls of enchant weapon
 R - 5 scrolls of blinking
 U - a scroll of fear {unknown}
Potions
 c - 2 potions of invisibility
 d - 3 potions of curing
 k - 4 potions of might
 n - 4 potions of attraction
 t - 3 potions of cancellation
 u - 3 potions of brilliance
 z - 4 potions of magic
 F - a potion of lignification {unknown}
 G - 3 potions of ambrosia
 M - a potion of flight {unknown}
 N - 2 potions of mutation {unknown}


   Skills:
 - Level 8.1 Fighting
 - Level 13.7 Short Blades
 - Level 2.6 Dodging
 * Level 16.8 Stealth
 + Level 2.9 Shields
 - Level 17.0 Spellcasting
 - Level 17.1 Hexes


You had 23 spell levels left.
You knew the following spells:

 Your Spells              Type           Power      Damage    Failure   Level
a - Ensorcelled Hibernat  Hex/Ice        86%        N/A       1%          2
b - Confusing Touch       Hex            64%        N/A       1%          3
c - Dazzling Flash        Conj/Hex       86%        N/A       1%          3
d - Tukima's Dance        Hex            64%        N/A       1%          3
e - Slow                  Hex            100%       N/A       0%          1
f - Metabolic Englaciati  Hex/Ice        21%        N/A       10%         5
g - Discord               Hex            32%        N/A       56%         8

Your spell library contained the following spells:

 Spells                   Type           Power      Damage    Failure   Level
 Foxfire                  Conj/Fire      56%        2x1d6     12%         1
 Magic Dart               Conj           56%        1d5       12%         1
 Call Imp                 Summ           14%        N/A       17%         2
 Cigotuvi's Dreadful Rot  Necr/Pois/Air  28%        N/A       17%         2
 Momentum Strike          Conj/Tloc      28%        3d8       17%         2
 Poisonous Vapours        Pois/Air       28%        N/A       17%         2
 Gell's Gravitas          Tloc           14%        N/A       34%         3
 Ignite Poison            Fire/Tmut/Pois 14%        N/A       34%         3
 Kindle Blastsparks       Fire/Tloc/Air  28%        2d12      34%         3
 Lesser Beckoning         Tloc           28%        N/A       34%         3
 Mephitic Cloud           Conj/Pois/Air  14%        N/A       34%         3
 Teleport Other           Tloc           14%        N/A       34%         3
 Iskenderun's Mystic Bla  Conj/Tloc      14%        2d5       75%         4
 Fireball                 Conj/Fire      7%         3d5       97%         5
 Freezing Cloud           Conj/Ice/Air   7%         6-21      97%         5
 Starburst                Conj/Fire      7%         6d4       100%        6


Dungeon Overview and Level Annotations

Branches:
Dungeon (11/15)            Temple (1/1) D:6            Lair (5/5) D:11
 Spider (1/4) Lair:2        Slime (0/5) Lair:4          Orc (2/2) D:11
    Elf (0/3) Orc:2        Bailey (visited)
  Swamp: Lair:2-3    Shoals: Lair:2-3

Altars:
Cheibriados
Dithmenos
Elyvilon
Fedhas
Gozag
Kikubaaqudgha
Makhleb
Nemelex Xobeh
Qazlal
Sif Muna
Trog
Uskayaw
Vehumet
Wu Jian
Xom
Yredelemnul
Zin
Jiyva

Shops:
D:11 =   Orc:2 [*=*

Portals:
Pandemonium: Orc:2

Annotations:
D:7 1 runed translucent door


Innate Abilities, Weirdness & Mutations

You are very small and have problems with some larger weapons.
You are too small for most types of armour.
You have supernaturally acute eyesight. (SInv)
You cover ground extremely quickly. (Speed+++)


Message History

Press: ? - help, Shift-Dir - straight line, f - spark wasp
Aim: a spark wasp (chance to affect: 50%)
The spark wasp resists with some effort.
The redback closely misses you. You block the spark wasp's attack.
The redback bites you!
Casting: Ensorcelled Hibernation (safe; 1% risk of failure)
Confirm with . or Enter, or press ? or * to list all spells.
Aiming: Ensorcelled Hibernation (safe; 1% risk of failure)
Press: ? - help, Shift-Dir - straight line, f/p - spark wasp
Aim: a spark wasp (chance to affect: 50%)
The spark wasp looks drowsy...
The pharaoh ant gives a chilling moan.
You block the redback's attack. The redback bites you.
The helpless spark wasp fails to defend itself.
You skewer the spark wasp like a kebab!!!!!
You kill the spark wasp!
The Council accepts your kill. You block the redback's attack.
The redback closely misses you.
Casting: Ensorcelled Hibernation (safe; 1% risk of failure)
Confirm with . or Enter, or press ? or * to list all spells.
Aiming: Ensorcelled Hibernation (safe; 1% risk of failure)
Press: ? - help, Shift-Dir - straight line, f - redback
Aim: a redback (chance to affect: 67%)
The redback struggles to resist.
You block the redback's attack. The redback barely misses you.
The pharaoh ant bites you!! The redback closely misses you.
The redback bites you!
You spin and attack the redback.
You puncture the redback! Lightning courses through the redback!
The redback is almost dead.
The redback closely misses you.
There is a crawl-hole back to the Lair here.
You block the redback's attack. The redback bites you!
* * * LOW HITPOINT WARNING * * *
You are poisoned.
The redback poisons you! You block the pharaoh ant's attack.
The redback bites you!
* * * LOW HITPOINT WARNING * * *
The redback barely misses you.
You climb upwards.
Welcome back to the Lair of Beasts!
You die...

##.........###########...###.
#P.#.#P###..##.P# ##..#.##.
##.##########...#####....##..
#.# ##.### ###.....#>.⌠###..
##.###.#^#.# #..##.#...##...
#..##^#.###^###...####....##.
##.#.#######.##.P....#....#..
#....#^#^#...≈.##..###...##.
#....^#^#..@.≈....###.#.....
#....#.###.ss≈.....#####....
###.#######.##..........#...
##^#.#.#.###.....##...###.
##.#.#^## #.#..........#.
##.###.###.#....#.##.#.. ###
####............#..
##P#..###.P...#.
###...#####...#


You could see 2 redbacks.

Vanquished Creatures
  Kirke (Lair:5)
  An orc warlord (Bailey)
  Nessos (Lair:5)
  A spark wasp (Spider:1)
  4 entropy weavers (Lair:4)
  5 hydras
  2 demonspawn (Orc:2)
  An ogre mage (Orc:1)
  2 ghost crabs (Lair:4)
  A boulder beetle (Lair:4)
  A two-headed ogre (D:8)
  A catoblepas (Lair:4)
  3 death yaks (D:11)
  5 orc high priests (Orc:2)
  A soul eater (Orc:2)
  Sonja (D:11)
  5 fire crabs (Lair:4)
  5 orc knights
  A steelbarb worm (Spider:1)
  7 orc sorcerers (Orc:2)
  A manticore (D:11)
  15 elephants
  6 black mambas
  An orange demon (Orc:2)
  12 cane toads
  16 komodo dragons
  2 rime drakes
  A kobold demonologist (D:10)
  3 trolls
  7 polar bears
  5 hornets
  9 blink frogs
  3 dream sheep (Lair:5)
  13 spriggans
  3 jumping spiders (Lair:2)
  2 culicivoras (Lair:2)
  5 wyverns
  4 basilisks
  57 yaks
  A hog (Lair:5)
  2 redbacks (Lair:2)
  2 steam dragons (D:11)
  14 water moccasins
  2 sky beasts
  39 orc warriors
  An ice beast (D:8)
  4 black bears
  24 wolves
  11 ogres
  5 boggarts (Lair:5)
  6 centaurs
  A phantom (D:6)
  18 kobold brigands
  17 bullfrogs
  A gnoll sergeant (D:9)
  3 scorpions
  2 necrophages
  2 wights (D:6)
  7 killer bees
  An electric eel (Lair:3)
  5 howler monkeys
  7 jellies
  17 orc priests
  A gnoll bouda (D:8)
  5 hounds
  2 iguanas
  2 hell rats (D:11)
  23 orc wizards
  15 gnolls
  6 adders
  A river rat (D:11)
  2 white imps (D:6)
  3 ufetubi
  2 worms (D:2)
  63 orcs
  5 endoplasms
  A giant cockroach (D:3)
  29 goblins
  19 hobgoblins
  21 kobolds
  2 quokkas
  5 ball pythons
  8 bats
  9 rats
  A spectral orc (D:10)
  A bush (Lair:1)
632 creatures vanquished.

Vanquished Creatures (collateral kills)
  An orc warrior (Orc:2)
  3 wights (D:6)
  An orc priest (Orc:2)
  An orc (Orc:2)
6 creatures vanquished.

Vanquished Creatures (others)
  A polar bear (Lair:5)
  5 dancing weapons
  23 fungi
  33 plants
62 creatures vanquished.

Grand Total: 700 creatures vanquished

Notes
Turn   | Place    | Note
-------+----------+-------------------------------------------
     0 | D:1      | Querens the Spriggan Enchanter began the quest for the Orb.
     0 | D:1      | Reached XP level 1. HP: 9/9 MP: 5/5
   199 | D:1      | Reached XP level 2. HP: 13/13 MP: 7/7
   204 | D:1      | Learned a level 2 spell: Ensorcelled Hibernation
   679 | D:2      | Reached XP level 3. HP: 12/16 MP: 2/8
  1111 | D:3      | Found a faded altar of an unknown god.
  1240 | D:3      | Found a burning altar of Makhleb.
  1444 | D:3      | Reached XP level 4. HP: 21/21 MP: 10/10
  1651 | D:4      | Learned a level 3 spell: Confusing Touch
  1655 | D:4      | Learned a level 3 spell: Dazzling Flash
  1742 | D:4      | Found a glowing silver altar of Zin.
  1966 | D:4      | Found a shimmering blue altar of Sif Muna.
  1976 | D:4      | Reached skill level 5 in Hexes
  1976 | D:4      | Reached XP level 5. HP: 18/24 MP: 5/12
  1980 | D:4      | Found a bloodstained altar of Trog.
  1980 | D:4      | Noticed an orc warrior
  2445 | D:5      | Entered Level 5 of the Dungeon
  2513 | D:5      | Reached skill level 5 in Spellcasting
  2513 | D:5      | Reached XP level 6. HP: 15/28 MP: 0/14
  2762 | D:5      | Identified the amulet of Disaster {Faith rCorr Str-3 Int+7
                  | Slay-2}
  2855 | D:5      | Reached XP level 7. HP: 32/32 MP: 16/16
  2893 | D:5      | Found a snail-covered altar of Cheibriados.
  3063 | D:5      | Reached skill level 5 in Short Blades
  3197 | D:5      | Learned a level 3 spell: Tukima's Dance
  3262 | D:6      | Reached XP level 8. HP: 16/36 MP: 3/19
  3398 | D:6      | Found a staircase to the Ecumenical Temple.
  3407 | Temple   | Entered the Ecumenical Temple
  3431 | Temple   | Became a worshipper of the Wu Jian Council
  3913 | D:7      | Found a runed translucent door.
  3914 | D:7      | Noticed a sixfirhy
  4039 | D:7      | Identified the +10 dagger of Classification {elec, Str+6}
  4139 | D:7      | Reached * piety under Wu Jian
  4203 | D:7      | Reached XP level 9. HP: 39/39 MP: 15/22
  4284 | D:8      | Noticed a two-headed ogre
  4295 | D:8      | Killed a two-headed ogre
  4367 | D:8      | Found a shimmering altar of Xom.
  4433 | D:8      | Reached skill level 10 in Hexes
  4583 | D:8      | Reached skill level 10 in Spellcasting
  4658 | D:8      | Found a flagged portal.
  4662 | D:8      | Reached ** piety under Wu Jian
  4680 | Bailey   | Entered a bailey
  4891 | Bailey   | Noticed an orc warlord
  4906 | Bailey   | Reached *** piety under Wu Jian
  4924 | Bailey   | Reached XP level 10. HP: 23/44 MP: 18/25
  5004 | Bailey   | Killed an orc warlord
  5114 | Bailey   | Reached XP level 11. HP: 60/60 MP: 18/26
  5478 | D:9      | Reached skill level 10 in Short Blades
  5643 | D:9      | Reached **** piety under Wu Jian
  5745 | D:10     | Entered Level 10 of the Dungeon
  5868 | D:10     | Found a white marble altar of Elyvilon.
  6021 | D:10     | Found a basalt altar of Yredelemnul.
  6422 | D:11     | Noticed Sonja
  6428 | D:11     | Killed Sonja
  6434 | D:11     | Noticed a death yak
  6437 | D:11     | Found a staircase to the Lair.
  6439 | D:11     | Noticed a death yak
  6440 | D:11     | Noticed a death yak
  6506 | D:11     | Reached ***** piety under Wu Jian
  6507 | D:11     | Reached XP level 12. HP: 62/62 MP: 29/29
  6517 | D:11     | Found Fujicsuo's Jewellery Boutique.
  6655 | D:11     | Identified the +0 cloak "Cile" {Rampage rF+ Int-5}
  6874 | D:11     | Found a staircase to the Orcish Mines.
  7118 | D:11     | Killed a death yak
  7132 | D:11     | Killed a death yak
  7147 | D:11     | Killed a death yak
  7298 | Orc:1    | Entered Level 1 of the Orcish Mines
  7540 | Orc:2    | Entered Level 2 of the Orcish Mines
  7638 | Orc:2    | Found a staircase to the Elven Halls.
  7855 | Orc:2    | Found Hisor's General Store.
  7933 | Orc:2    | Found Ihuipn's General Store.
  8053 | Orc:2    | Bought a scroll of immolation for 56 gold pieces
  8053 | Orc:2    | Bought a scroll of noise for 14 gold pieces
  8053 | Orc:2    | Bought a scroll of identify for 28 gold pieces
  8053 | Orc:2    | Bought a scroll of teleportation for 42 gold pieces
  8055 | Orc:2    | Bought a scroll of vulnerability for 68 gold pieces
  8076 | Orc:2    | Noticed an orc high priest
  8095 | Orc:2    | Killed an orc high priest
  8135 | Orc:2    | Reached ****** piety under Wu Jian
  8254 | Orc:2    | Reached XP level 13. HP: 43/68 MP: 4/32
  8505 | Orc:2    | Found Geesm's Antique Armour Boutique.
  8505 | Orc:2    | Found Hecafoss's Jewellery Shop.
  8505 | Orc:2    | Found a one-way gate leading to the halls of Pandemonium.
  8551 | Orc:2    | Bought a scroll of enchant armour for 105 gold pieces
  8799 | Orc:1    | Reached skill level 15 in Hexes
  8938 | Lair:1   | Entered Level 1 of the Lair of Beasts
  8979 | Lair:1   | Reached skill level 15 in Spellcasting
  9441 | Lair:1   | Reached skill level 5 in Stealth
  9645 | Lair:2   | Found a hole to the Spider Nest.
 10520 | Lair:3   | Reached XP level 14. HP: 59/73 MP: 31/34
 10752 | Lair:3   | Reached skill level 10 in Stealth
 10895 | Lair:4   | Identified a scroll of acquirement
 10897 | Lair:4   | Acquired the Exposition on Ill Luck and Percussion
 10901 | Lair:4   | Learned a level 1 spell: Slow
 10907 | Lair:4   | Learned a level 5 spell: Metabolic Englaciation
 10916 | Lair:4   | Learned a level 8 spell: Discord
 10935 | Lair:4   | Found a viscous altar of Jiyva.
 11062 | Lair:4   | Found a runed translucent door.
 11140 | Lair:4   | Identified the +8 flail of Saltpetre {heavy, +Blink}
 11182 | Lair:4   | Found a hide-covered altar of Uskayaw.
 11182 | Lair:4   | Found an ornate altar of the Wu Jian Council.
 11301 | Lair:4   | Found a staircase to the Slime Pits.
 11655 | Lair:5   | Entered Level 5 of the Lair of Beasts
 11729 | Lair:5   | Noticed Nessos
 11763 | Lair:5   | Killed Nessos
 11938 | Lair:5   | Reached skill level 15 in Stealth
 12015 | Lair:5   | Reached XP level 15. HP: 47/77 MP: 2/36
 12199 | Lair:5   | Noticed Kirke
 12221 | Lair:5   | Noticed a sphinx
 12374 | Lair:5   | Reached skill level 1 in Shields
 12626 | Lair:5   | Killed Kirke
 12930 | Spider:1 | Entered Level 1 of the Spider Nest
 12946 | Lair:2   | Succumbed to a redback's poison

Illustrated notes

Levels and vault maps discovered:
D:1:      spicycebolla_green_bress_n_ham, layout_loops_ring
D:2:      layout_rooms
D:3:      layout_loops_corners, mainiacjoe_overflow_tiny_flanked,
          hellmonk_ecumenical_altar_pennies_from_heaven
D:4:      layout_loops_corners, nzn_overflow_gifts_of_might_and_magic,
          mainiacjoe_overflow_surrounded_room, kennysheep_generic_room_6
D:5:      layout_basic, mainiacjoe_overflow_six_doors_small,
          amcnicky_mini_rare_corridor_liquid
D:6:      layout_cave_pools, minmay_temple_entry_mini_moons,
          minmay_fractal_squares_gapless_5
D:7:      cheibrodos_shockbox, layout_rooms
D:8:      layout_loops_ring, mainiacjoe_overflow_alcove_2, enter_bailey_3
D:9:      layout_rooms, serial_shops, kennysheep_mini_moat
D:10:     layout_basic, yredelemnul_forgotten_temple_becter,
          mainiacjoe_overflow_cross_hatched, special_room [special_room_kobold],
          minmay_misc_feat_room
D:11:     cheibrodos_steamvent, layout_basic, dpeg_lair_monsters, orc_0_dummy,
          serial_shops, nicolae_stop_n_shop_1, uniq_sonja
Temple:   nicolae_temple_superstar
Lair:1:   layout_hall_layers, minmay_hedge_maze
Lair:2:   layout_loops_ring, nicolae_spider_entry_tight_spaces,
          grunt_megastairs_5, lemuel_fruit_tree
Lair:3:   layout_cave_pods, nicolae_swamp_entry_splash_gauntlet,
          beast_lair_carwin_10, infiniplex_staircase_pool, grunt_megastairs_2
Lair:4:   gammafunk_mikee_crab_dinner, layout_misc_corridors,
          nicolae_slime_entry_field_trip, nzn_masters_of_martial_movement
Lair:5:   minmay_lair_end_enchanted_forest, layout_loops_ring,
          grunt_megastairs_1, uniq_nessos, uniq_kirke
Spider:1: layout_spider_delve, hangedman_spider_tarantella_strand
Orc:1:    layout_diamond_mine, nicolae_orc_rockfall, mines4_lemuel
Orc:2:    pf_orc_diabolical, layout_caves, mines_bat_river

Skill      XL: |  1  2  3  4  5  6  7  8  9 10 11 12 13 14 15 |
---------------+----------------------------------------------+-----
Spellcasting   | 3 4 5 6 8 10 12 14 15 16 17 | 17.0
Hexes          | 4 5 6 7 9 10 11 12 14 15 17 | 17.1
Short Blades   | 2 3 4 5 7 9 11 12 13 | 13.7
Fighting       | 8 |  8.1
Stealth        | 9 15 16 | 16.8
Shields        | 2 |  2.9
Dodging        | |  2.6

Action                   |  1- 3 |  4- 6 |  7- 9 | 10-12 | 13-15 || total
-------------------------+-------+-------+-------+-------+-------++-------
Melee: Dagger            |   126 |    84 |   242 |   480 |   812 ||  1744
       Punch             |     1 |       |     4 |    11 |    12 ||    28
Throw: Dart              |       |     2 |       |     4 |       ||     6
       Throwing net      |       |       |       |     3 |       ||     3
 Cast: Ensorcelled Hiber |     4 |    32 |    46 |   126 |   121 ||   329
       Tukima's Dance    |       |       |     8 |     8 |       ||    16
       Confusing Touch   |       |       |     8 |     5 |    20 ||    33
       Dazzling Flash    |       |       |       |    15 |    25 ||    40
       Slow              |       |       |       |       |     6 ||     6
       Metabolic Englaci |       |       |       |       |     5 ||     5
Invok: Lunge             |       |       |    24 |    50 |    55 ||   129
       Whirlwind         |       |       |     2 |     8 |    47 ||    57
Evoke: Wand              |       |       |       |     7 |     3 ||    10
  Use: Scroll            |       |       |     8 |     2 |    15 ||    25
       Potion            |       |       |       |     2 |    10 ||    12
 Stab: Sleeping          |    14 |    20 |    35 |    72 |    98 ||   239
       Confused          |       |       |     6 |     4 |    16 ||    26
       Held in net/web   |       |       |       |     1 |       ||     1
       Invisible         |       |       |       |    14 |    26 ||    40
       Distracted        |       |       |       |     1 |     5 ||     6
Armor: Robe              |    12 |     7 |    12 |     4 |       ||    35
       Troll leather arm |       |       |       |    23 |   133 ||   156
Dodge: Dodged            |    71 |    75 |   112 |   242 |   486 ||   986
Block: Buckler           |       |       |       |       |    39 ||    39

Table legend: (Time is in decaauts)
 A = Elapsed time spent in this place.
 B = Non-inter-level travel time spent in this place.
 C = Inter-level travel time spent in this place.
 D = Time resting spent in this place.
 E = Time spent auto-exploring this place.
 F = Levels seen in this place.
 G = Mean time per level.
                   A        B        C        D        E       F      G
               +--------+--------+--------+--------+--------+-----+--------+
         Total |   8260 |   7524 |    736 |    111 |      0 |  21 |  393.3 |
       Dungeon |   4407 |   4044 |    363 |     16 |      0 |  11 |  400.6 |
        Temple |     29 |     17 |     12 |      0 |      0 |   1 |   29.0 |
          Lair |   2494 |   2198 |    296 |     24 |      0 |   5 |  498.8 |
   Spider Nest |     11 |     11 |      0 |      0 |      0 |   1 |   11.0 |
  Orcish Mines |   1023 |    960 |     63 |     71 |      0 |   2 |  511.5 |
        Bailey |    293 |    293 |      0 |      0 |      0 |   1 |  293.0 |
               +--------+--------+--------+--------+--------+-----+--------+

Top non-repeatable levels by time:
  Lair:5: 726 daAuts
   Orc:2: 691 daAuts
     D:4: 555 daAuts
  Lair:4: 547 daAuts
    D:11: 517 daAuts
  Lair:2: 511 daAuts
    D:10: 511 daAuts
     D:5: 463 daAuts
     D:8: 409 daAuts
     D:3: 400 daAuts
  Lair:1: 392 daAuts
     D:1: 365 daAuts
     D:6: 357 daAuts
   Orc:1: 332 daAuts
     D:7: 326 daAuts
